 Seeded DCSS version 0.29.1-2-gbd0b4ee654 (webtiles) character file.

Game seed: 1 (custom seed)

42277 Kazon the Fighter (level 14, -5/77 HPs)
             Began as a Vine Stalker Fighter on Nov 8, 2022.
             Was a High Priest of Makhleb.
             Slain by a wolf spider (11 damage)
             ... on level 1 of the Spider Nest on Nov 9, 2022.
             The game lasted 01:15:58 (12094 turns).

Kazon the Fighter (Vine Stalker Fighter)           Turns: 12094, Time: 01:16:00

Health: -5/77      AC: 12    Str: 22    XL:     14   Next: 19%
Magic:  0/29       EV: 16    Int:  8    God:    Makhleb [*****.]
Gold:   123        SH:  9    Dex: 25    Spells: 13/13 levels left

rFire   + + +      SeeInvis .   s - +3 falchion of Winter {venom, rCorr}
rCold   + . .      Faith    .   c - +2 buckler
rNeg    . . .      Spirit   +   Q - +0 troll leather armour
rPois   +          Reflect  .   l - +0 helmet
rElec   .          Harm     .   t - scarf {rC+ rF+}
rCorr   +          Rampage  .   p - +2 pair of gloves {Dex+3}
Will    +....                   m - +2 pair of boots
Stlth   +++++.....              F - amulet "Odemouw" {Contam rPois rF+++ Regen+ Stlth+}
HPRegen 2.62/turn               D - ring of magical power
MPRegen 0.21/turn               W - +6 ring of dexterity

@: no status effects
A: fangs 3, regeneration 1, magic shield, antimagic bite, no potion heal 2
a: Renounce Religion, Minor Destruction, Lesser Servant of Makhleb, Major
Destruction, Greater Servant of Makhleb


You were on level 1 of the Spider Nest.
You worshipped Makhleb.
Makhleb was extremely pleased with you.
You visited 4 branches of the dungeon, and saw 18 of its levels.

You collected 1083 gold pieces.
You spent 960 gold pieces at shops.

Inventory:

Hand Weapons
 a - the +2 Maxwell's thermic engine {flame, freeze}
   (You found it on level 1 of the Lair of Beasts)

   It burns those it strikes, dealing additional fire damage.
   Big, fiery blades are also staple armaments of hydra-hunters.
   It freezes those it strikes, dealing additional cold damage.
   It can also slow down cold-blooded creatures.
   It becomes more effective when it hits something.
   This effect fades over time.
 e - a +1 rapier of speed
 s - the +3 falchion of Winter (weapon) {venom, rCorr}
   (You bought it in a shop on level 3 of the Dungeon)

   It poisons the flesh of those it strikes.
   rCorr:     It protects you from acid and corrosion.
Missiles
 k - 27 stones
 q - 27 boomerangs
 H - 40 poisoned darts
 I - 4 curare-tipped darts (quivered)
Armour
 c - a +2 buckler (worn)
 l - a +0 helmet (worn)
 m - a +2 pair of boots (worn)
 p - a +2 pair of gloves of dexterity (worn)
 t - a scarf of resistance (worn)
 Q - a +0 troll leather armour (worn)
Jewellery
 D - a ring of magical power (left hand)
 F - the amulet "Odemouw" (around neck) {Contam rPois rF+++ Regen+ Stlth+}
   (You bought it in a shop on level 8 of the Dungeon)

   [amulet of regeneration]

   rF:        It renders you almost immune to fire.
   rPois:     It protects you from poison.
   Contam:    It causes magical contamination when unequipped.
   Regen:     It increases your rate of health regeneration.
   Stlth:     It makes you more stealthy.
 W - a +6 ring of dexterity (right hand)
Wands
 z - a wand of mindburst (28)
 B - a wand of flame (40)
 J - a wand of paralysis (19)
 L - a wand of roots (6)
 R - a wand of polymorph (11)
Scrolls
 f - 2 scrolls of brand weapon {unknown}
 i - 5 scrolls of identify
 j - 3 scrolls of fog {unknown}
 o - a scroll of immolation {unknown}
 u - 5 scrolls of teleportation
 v - a scroll of enchant armour {unknown}
 w - 2 scrolls of magic mapping {unknown}
 x - 2 scrolls of noise {unknown}
 y - 2 scrolls of poison {unknown}
 A - 3 scrolls of enchant weapon {unknown}
 K - 3 scrolls of fear {unknown}
 M - a scroll of summoning {unknown}
 O - a scroll of amnesia {unknown}
 T - a scroll of vulnerability {unknown}
Potions
 b - 3 potions of magic
 d - 3 potions of might
 g - 2 potions of haste
 h - 3 potions of flight
 n - 4 potions of berserk rage
 C - a potion of invisibility
 E - 2 potions of cancellation
 G - 2 potions of curing
 V - 7 potions of lignification
Miscellaneous
 N - a condenser vane
 S - a phial of floods


   Skills:
 * Level 10.0 Fighting
 + Level 7.1(9.3) Short Blades
 + Level 9.4(10.4) Long Blades
 + Level 4.8 Throwing
 + Level 6.1 Armour
 + Level 6.2 Dodging
 + Level 7.7 Stealth
 + Level 7.4 Shields
 + Level 7.2 Invocations
 * Level 7.8 Evocations


You had 13 spell levels left.
You didn't know any spells.
Your spell library contained the following spells:

 Spells                   Type           Power      Damage    Failure   Level
 Apportation              Tloc           0%         N/A       54%         1
 Magic Dart               Conj           0%         1d3       54%         1
 Necrotise                Necr           0%         1d4       54%         1
 Sting                    Tmut/Pois      0%         1d3       54%         1
 Summon Small Mammal      Summ           0%         N/A       54%         1
 Call Imp                 Summ           0%         N/A       67%         2
 Poisonous Vapours        Pois/Air       0%         N/A       67%         2
 Mephitic Cloud           Conj/Pois/Air  0%         N/A       88%         3
 Ozocubu's Armour         Ice            0%         N/A       88%         3
 Animate Armour           Summ/Erth      0%         N/A       99%         4
 Olgreb's Toxic Radiance  Pois           0%         N/A       99%         4
 Blade Hands              Tmut           0%         N/A       100%        5
 Fireball                 Conj/Fire      0%         3d3       100%        5
 Iskenderun's Battlesphe  Conj           0%         2d6       100%        5
 Metabolic Englaciation   Hex/Ice        0%         N/A       100%        5
 Conjure Ball Lightning   Conj/Air       0%         3x3d6     100%        6
 Iron Shot                Conj/Erth      0%         9d1       100%        6
 Simulacrum               Ice/Necr       0%         N/A       100%        6
 Orb of Destruction       Conj           0%         9d5       100%        7
 Ozocubu's Refrigeration  Ice            0%         4d7       100%        7


Dungeon Overview and Level Annotations

Branches:
Dungeon (13/15)            Temple (1/1) D:7            Lair (3/5) D:10
 Shoals (0/4) Lair:3       Spider (1/4) Lair:3
    Orc: D:9-12      Vaults: D:13-14

Altars:
Ashenzari
Dithmenos
Elyvilon
Fedhas
Gozag
Hepliaklqana
Kikubaaqudgha
Makhleb
Nemelex Xobeh
Okawaru
Qazlal
Uskayaw

Shops:
D:3 (   D:8 ?(==   D:10 :


Innate Abilities, Weirdness & Mutations

You have razor-sharp teeth.
Your natural rate of healing is unusually fast.
When hurt, damage is shared between your health and your magic reserves.
Your bite disrupts and absorbs the magic of your enemies.
Potions cannot restore your health.


Message History

Unknown command.
You bump into the rock wall.
You feel less confused.
The wolf spider hits you but does no damage.
You block the wolf spider's attack. The culicivora bites you!
* * * LOW HITPOINT WARNING * * *
The culicivora draws strength from your injuries!
The wolf spider hits you.
* * * LOW HITPOINT WARNING * * *
The wolf spider bites you.
* * * LOW HITPOINT WARNING * * *
The culicivora attacks as you move away!
The culicivora completely misses you. The wolf spider closely misses you.
The wolf spider bites you!
* * * LOW HITPOINT WARNING * * *
You block the culicivora's attack. Magic courses through your body.
The wolf spider hits you but does no damage.
You block the wolf spider's attack. The culicivora closely misses you.
You block the wolf spider's attack.
The wolf spider bites you but does no damage.
The culicivora attacks as you move away!
The culicivora bites you but does no damage.
You hit the wolf spider. You burn the wolf spider. You freeze the wolf spider.
You bite the wolf spider, but do no damage.
The wolf spider is lightly wounded.
The wolf spider barely misses you. The wolf spider bites you.
* * * LOW HITPOINT WARNING * * *
The engine shudders to a halt.
The +3 falchion of Winter {venom, rCorr} begins to drip with poison!
s - the +3 falchion of Winter (weapon)
{venom, rCorr} The wolf spider is healed somewhat.
You hit the wolf spider.
The wolf spider is poisoned.
You bite the wolf spider, but do no damage.
The wolf spider is lightly wounded.
The wolf spider hits you!
* * * LOW HITPOINT WARNING * * *
The wolf spider bites you but does no damage.
The wolf spider hits you!!
You die...

##.... ............
..... ..#.#....... .....
#.#....... ....
#.#....... ...
##.#.......
#.####....>.....
#..#...###......
#..#######......###.....
#....^.@ss......###...^.
#..######s.......###...#
#........# #..##
##......#.#####
#.######.# #.# #. #.# .
... #..


You could see a wolf spider (very poisoned) and 2 culicivoras.

Vanquished Creatures
  An emperor scorpion (Spider:1)
  A ghost moth (Spider:1)
  A broodmother (Spider:1)
  A boulder beetle (Spider:1)
  Fannar (Lair:2)
  Erolcha (D:10)
  2 two-headed ogres
  4 death yaks (Lair:3)
  2 steelbarb worms (Spider:1)
  An orb spider (Spider:1)
  6 wolf spiders (Spider:1)
  An ugly thing (D:11)
  3 black mambas
  2 torpor snails (Spider:1)
  5 cane toads
  Maggie (D:6)
  A rime drake (Lair:3)
  4 kobold demonologists (D:11)
  9 komodo dragons
  4 demonic crawlers (Spider:1)
  A tengu conjurer (D:12)
  3 trolls
  Prince Ribbit (D:9)
  6 tarantellas (Spider:1)
  10 blink frogs
  A snapping turtle (Lair:3)
  6 culicivoras (Spider:1)
  2 shadows
  8 jumping spiders (Spider:1)
  A vampire (D:10)
  36 yaks
  2 wyverns
  2 basilisks
  Eustachio (D:5)
  2 steam dragons
  14 redbacks (Spider:1)
  Menkaure (D:5)
  Edmund (D:6)
  2 acid dragons
  5 water moccasins
  5 orc warriors
  An ice beast (D:8)
  5 sky beasts
  2 black bears (D:6)
  4 centaurs
  An ogre (D:6)
  A wolf (D:10)
  2 phantoms (D:6)
  3 kobold brigands
  3 necrophages
  4 bullfrogs
  A gnoll sergeant (D:7)
  10 scorpions
  21 wights
  3 killer bees (D:10)
  3 electric eels
  A howler monkey (D:5)
  2 jellies (D:6)
  6 hounds
  7 orc priests
  A gnoll bouda (D:7)
  6 iguanas
  4 orc wizards
  4 hell rats (Lair:3)
  Robin (D:3)
  13 gnolls
  13 adders
  3 shadow imps
  2 white imps (D:7)
  An ufetubus (D:5)
  4 worms
  37 orcs
  11 endoplasms
  3 giant cockroaches
  16 goblins
  9 hobgoblins
  A jackal (D:4)
  27 kobolds
  A quokka (D:1)
  5 ball pythons
  4 bats
  3 frilled lizards
  6 rats
416 creatures vanquished.

Vanquished Creatures (collateral kills)
  A catoblepas (Lair:2)
  A tarantella (Spider:1)
2 creatures vanquished.

Vanquished Creatures (others)
  A quokka (D:7)
  7 fungi
  8 plants
16 creatures vanquished.

Grand Total: 434 creatures vanquished

Notes
Turn   | Place    | Note
-------+----------+-------------------------------------------
     0 | D:1      | Kazon the Vine Stalker Fighter began the quest for the Orb.
     0 | D:1      | Reached XP level 1. HP: 11/11 MP: 2/2
    32 | D:1      | Identified a scroll of acquirement
    32 | D:1      | Acquired a +2 pair of gloves of dexterity
   137 | D:1      | Reached XP level 2. HP: 16/16 MP: 3/3
   700 | D:2      | Reached skill level 3 in Fighting
   700 | D:2      | Reached XP level 3. HP: 20/20 MP: 4/4
  1105 | D:2      | Gained mutation: Your natural rate of healing is unusually
                  | fast. [Vine Stalker growth]
  1105 | D:2      | Reached XP level 4. HP: 24/24 MP: 5/5
  1341 | D:3      | Found Umat's Antique Weapon Boutique.
  1368 | D:3      | Bought a crude falchion for 184 gold pieces
  1368 | D:3      | Identified the +3 falchion of Winter {venom, rCorr} (You
                  | bought it in a shop on level 3 of the Dungeon)
  1507 | D:3      | Noticed Robin
  1519 | D:3      | Killed Robin
  1570 | D:3      | Reached XP level 5. HP: 26/26 MP: 6/6
  1704 | D:3      | Reached skill level 1 in Throwing
  1823 | D:3      | Reached skill level 5 in Fighting
  1823 | D:3      | Reached skill level 5 in Stealth
  1823 | D:3      | Reached skill level 5 in Shields
  1823 | D:3      | Reached XP level 6. HP: 35/35 MP: 7/7
  2524 | D:4      | Reached XP level 7. HP: 39/39 MP: 8/8
  2645 | D:4      | Found a hazy altar of Hepliaklqana.
  2849 | D:5      | Entered Level 5 of the Dungeon
  2874 | D:5      | Reached skill level 5 in Long Blades
  2917 | D:5      | Noticed Eustachio
  3006 | D:5      | Reached skill level 5 in Armour
  3036 | D:5      | Gained mutation: You have razor-sharp teeth. [Vine Stalker
                  | growth]
  3036 | D:5      | Reached XP level 8. HP: 41/43 MP: 9/9
  3058 | D:5      | Reached skill level 1 in Evocations
  3268 | D:5      | Killed Eustachio
  3544 | D:5      | Noticed Menkaure
  3557 | D:5      | Killed Menkaure
  3726 | D:6      | Noticed Edmund
  3758 | D:6      | Killed Edmund
  3761 | D:6      | Reached XP level 9. HP: 44/47 MP: 10/10
  4023 | D:6      | Noticed Maggie
  4054 | D:6      | Killed Maggie
  4055 | D:6      | Reached skill level 6 in Fighting
  4055 | D:6      | Reached skill level 5 in Short Blades
  4339 | D:6      | Reached XP level 10. HP: 51/53 MP: 11/11
  4616 | D:7      | Found a staircase to the Ecumenical Temple.
  4626 | Temple   | Entered the Ecumenical Temple
  4631 | Temple   | Became a worshipper of Makhleb the Destroyer
  4714 | D:7      | Found a hide-covered altar of Uskayaw.
  5135 | D:7      | Found a white marble altar of Elyvilon.
  5175 | D:7      | Reached * piety under Makhleb
  5558 | D:8      | Found Esumer's Weapon Shop.
  5580 | D:8      | Reached skill level 1 in Invocations
  5704 | D:8      | Found Quzidd's Magic Scroll Emporium.
  5718 | D:8      | Bought a scroll of teleportation for 42 gold pieces
  5953 | D:8      | Found Heidghoki's Jewellery Shop.
  6088 | D:8      | Found Zoxtaeshakh's Jewellery Boutique.
  6594 | D:9      | Noticed Prince Ribbit
  6607 | D:9      | Killed Prince Ribbit
  6772 | D:9      | Noticed a two-headed ogre
  6778 | D:9      | Reached ** piety under Makhleb
  6785 | D:9      | Killed a two-headed ogre
  6786 | D:9      | Reached XP level 11. HP: 29/58 MP: 12/13
  7016 | D:10     | Entered Level 10 of the Dungeon
  7115 | D:10     | Noticed Erolcha
  7120 | D:10     | Killed Erolcha
  7142 | D:10     | Identified the +5 long sword of the Land of Plenty {drain,
                  | Dex+3}
  7146 | D:10     | Found Juagoaq's Book Shoppe.
  7169 | D:10     | Reached skill level 7 in Fighting
  7628 | D:10     | Reached *** piety under Makhleb
  7748 | D:10     | Reached skill level 5 in Dodging
  7807 | D:10     | Found a staircase to the Lair.
  8130 | D:11     | Noticed a green ugly thing
  8150 | D:11     | Killed a green ugly thing
  8384 | D:11     | You fall into a shaft and drop 2 floors!
  8397 | D:13     | Noticed a two-headed ogre
  8402 | D:13     | Killed a two-headed ogre
  8528 | D:12     | Reached skill level 5 in Evocations
  8529 | D:12     | Reached XP level 12. HP: 49/64 MP: 16/16
  8553 | D:11     | Noticed a soul eater
  9070 | Lair:1   | Entered Level 1 of the Lair of Beasts
  9110 | Lair:1   | Reached **** piety under Makhleb
  9111 | Lair:1   | Reached skill level 8 in Fighting
  9185 | Lair:1   | Found the +2 Maxwell's thermic engine {flame, freeze}
  9205 | Lair:1   | Reached skill level 5 in Invocations
 10068 | Lair:2   | Noticed a catoblepas
 10084 | Lair:2   | Killed a catoblepas
 10166 | Lair:2   | Noticed Fannar
 10183 | Lair:2   | Killed Fannar
 10185 | Lair:2   | Reached XP level 13. HP: 54/70 MP: 15/18
 10621 | Lair:3   | Found a hole to the Spider Nest.
 10808 | D:8      | Bought the amulet "Odemouw" {Contam rPois rF+++ Regen+
                  | Stlth+} for 734 gold pieces
 11074 | Lair:3   | Found a staircase to the Shoals.
 11118 | Lair:3   | Reached skill level 9 in Fighting
 11242 | Lair:3   | Reached ***** piety under Makhleb
 11284 | Lair:3   | Found an ancient bone altar of Kikubaaqudgha.
 11476 | Spider:1 | Entered Level 1 of the Spider Nest
 11770 | Spider:1 | Noticed a broodmother
 11781 | Spider:1 | Killed a broodmother
 11788 | Spider:1 | Noticed an emperor scorpion
 11860 | Spider:1 | Reached XP level 14. HP: 66/76 MP: 20/20
 11894 | Spider:1 | Killed a ghost moth
 11900 | Spider:1 | Reached skill level 10 in Fighting
 12027 | Spider:1 | Killed an emperor scorpion
 12089 | Spider:1 | HP: 3/77 [wolf spider (7)]
 12094 | Spider:1 | Slain by a wolf spider

Illustrated notes

Levels and vault maps discovered:
D:1:      dpeg_arrival_three_smaller_balls, layout_basic
D:2:      layout_loops_ring
D:3:      layout_basic, serial_shops, nicolae_shop_stone, st_stairs_9,
          minmay_misc_feat_doors, eino_curves_03, uniq_robin
D:4:      minmay_wonky_spiral, layout_basic,
          mainiacjoe_overflow_surrounded_room, minivault_5
D:5:      layout_cave_pods, uniq_menkaure, uniq_eustachio
D:6:      cheibrodos_barr_body, layout_basic, minmay_crystal_room,
          minmay_pentangle, uniq_maggie, uniq_edmund
D:7:      layout_cave_pools, nicolae_uskayaw_murder_on_the_dancefloor,
          elyvilon_altar_4, minmay_temple_entry_purple_smoke
D:8:      layout_basic, serial_shops, shop_statue, kennysheep_little_box, shop,
          nicolae_shop_window_shopping
D:9:      layout_cave_pools, uniq_prince_ribbit1
D:10:     layout_stronghold, erik_lair_island, serial_shops,
          nicolae_shop_statue_plus, uniq_erolcha
D:11:     layout_roguey
D:12:     layout_loops_ring, orc_0_dummy, chequers_serial_rivers_marsh,
          uniq_lodul, uniq_nessos, uniq_rupert
D:13:     layout_gridville, david_vaults_5, serial_shops,
          nicolae_shop_behind_doors, minmay_fractal_squares_gapless_5,
          uniq_azrael
Temple:   nicolae_temple_bog_church
Lair:1:   layout_long_grid, fungi_pond_lemuel, cheibrodos_lair_reptile_den
Lair:2:   layout_gridlike, uniq_fannar
Lair:3:   layout_roguey, minmay_shoals_entry_hut,
          nicolae_spider_entry_non_spiders, basic_altar, serial_bayou_crossing
Spider:1: layout_chambers, nicolae_spider_undead_wolf_pack

Skill      XL: |  1  2  3  4  5  6  7  8  9 10 11 12 13 14 |
---------------+-------------------------------------------+-----
Long Blades    | 2 3 4 5 6 7 9 |  9.4
Shields        | 3 5 6 7 |  7.4
Fighting       | 3 5 6 7 8 9 10 | 10.0
Throwing       | 3 4 |  4.8
Short Blades   | 3 4 5 6 7 |  7.1
Armour         | 4 5 6 |  6.1
Dodging        | 3 4 5 6 |  6.2
Stealth        | 5 6 7 |  7.7
Evocations     | 1 2 3 5 6 7 |  7.8
Invocations    | 2 4 5 7 |  7.2

Action                   |  1- 3 |  4- 6 |  7- 9 | 10-12 | 13-15 || total
-------------------------+-------+-------+-------+-------+-------++-------
Melee: Long sword        |    62 |       |       |       |       ||    62
       Bite              |    18 |    20 |   114 |   286 |    99 ||   537
       Dagger            |     8 |    72 |    10 |       |       ||    90
       Falchion          |       |    28 |   118 |   426 |    57 ||   629
       Rapier            |       |       |   160 |   282 |    34 ||   476
       Double sword      |       |       |       |    17 |   161 ||   178
Throw: Stone             |       |    25 |    16 |    67 |     7 ||   115
       Dart              |       |       |       |       |    10 ||    10
Invok: Minor Destruction |       |       |       |    65 |    46 ||   111
       Lesser Servant of |       |       |       |     2 |     1 ||     3
Evoke: Wand              |       |       |       |     6 |     2 ||     8
       Condenser vane    |       |       |       |     1 |     1 ||     2
  Use: Scroll            |     1 |       |     6 |     4 |       ||    11
       Potion            |       |     1 |     1 |     1 |     1 ||     4
 Stab: Sleeping          |       |       |     3 |     9 |     9 ||    21
       Paralysed         |       |       |       |     7 |     1 ||     8
       Distracted        |       |       |       |     1 |     1 ||     2
       Confused          |       |       |       |       |     5 ||     5
Armor: Scale mail        |    31 |    27 |    38 |       |       ||    96
       Leather armour    |       |       |    61 |    89 |       ||   150
       Troll leather arm |       |       |       |    73 |    60 ||   133
Dodge: Dodged            |    34 |    31 |   168 |   346 |   144 ||   723
Block: Buckler           |    13 |    15 |    65 |   209 |   111 ||   413
